 Dungeon Crawl Stone Soup version 0.23-a0-143-g1adec7b (webtiles) character file.

59 ultracola the Sneak (level 3, 22/24 HPs)
             Began as a Vampire Ice Elementalist on Sept 3, 2018.
             Quit the game on level 2 of the Dungeon.
             The game lasted 00:04:38 (2166 turns).

ultracola the Sneak (Vampire Ice Elementalist)      Turns: 2166, Time: 00:04:38

Health: 22/24      AC:  3    Str:  7    XL:     3   Next: 78%
Magic:  3/6        EV: 11    Int: 18    God:
Gold:   79         SH:  0    Dex: 14    Spells: 3/6 levels left

rFire    . . .     SeeInvis +   a - +1 dagger
rCold    + + .     Gourm    .   (no shield)
rNeg     + + +     Faith    .   e - +0 leather armour
rPois    ∞         Spirit   .   (no helmet)
rElec    .         Reflect  .   (no cloak)
rCorr    .         Harm     .   (no gloves)
MR       .....     Rnd*Tele +   (no boots)
Stlth    ++++......             (no amulet)
HPRegen  0.00/turn              h - ring of poison resistance
MPRegen  0.10/turn              n - ring of teleportation (curse)

@: bloodless, non-regenerating, heavily drained
A: fangs 3, see invisible, unbreathing
a: Bat Form


You were on level 2 of the Dungeon.
You were bloodless.

You visited 1 branch of the dungeon, and saw 2 of its levels.

You collected 79 gold pieces.

Inventory:

Hand Weapons
 a - a +1 dagger (weapon)
 g - a +0 whip
 k - a +0 long sword
Armour
 e - a +0 leather armour (worn)
Jewellery
 h - a ring of poison resistance (left hand)
 n - a cursed ring of teleportation (right hand)
Wands
 m - a wand of iceblast (8)
Scrolls
 d - 2 scrolls of teleportation
 i - a scroll of immolation
 j - a scroll of identify
Potions
 b - a potion of ambrosia
 c - 11 potions of blood
 f - a potion of curing {unknown}


   Skills:
 + Level 0.0 Short Blades
 - Level 2.1(1.0) Dodging
 - Level 5.0(3.8) Stealth
 - Level 2.0(0.8) Spellcasting
 - Level 0.6(0.0) Conjurations
 + Level 4.0(2.7) Ice Magic


You had 3 spell levels left.
You knew the following spells:

 Your Spells              Type           Power        Failure   Level  Hunger
a - Freeze                Ice            ##..         10%         1    ##.....
b - Throw Frost           Conj/Ice       #.....       26%         2    ###....

Your spell library contained the following spells:

 Spells                   Type           Power        Failure   Level  Hunger
 Ozocubu's Armour         Chrm/Ice       #.......     45%         3    ####...
 Summon Ice Beast         Ice/Summ       #.......     86%         4    #####..
 Throw Icicle             Conj/Ice       #.......     86%         4    #####..


Dungeon Overview and Level Annotations

Branches:
Dungeon (2/15)

Altars:


Innate Abilities, Weirdness & Mutations

You do not heal naturally.
You are immune to poison.
You have razor-sharp teeth.
You have supernaturally acute eyesight. (SInv)
You can survive without breathing.


Message History

You kill the giant cockroach!
n - a granite ring You see here a giant cockroach corpse.
The giant cockroach corpse doesn't have any blood.
Put on which piece of jewellery? (? for menu, Esc to quit)
You feel slightly jumpy.
Oops, that ring feels deathly cold.
n - a cursed ring of teleportation (right hand)
As you read the scroll labeled KOCERO WUGURE, it crumbles to dust.
You feel strangely unstable.
It was a scroll of teleportation.
As you read the scroll labeled NELELY OMUESYZ, it crumbles to dust.
The air around you briefly surges with heat, but it dissipates.
It was a scroll of immolation.
As you read the scroll labeled NOMAHAFA TILIO, it crumbles to dust.
It is a scroll of identify.
b - a potion of ambrosia
As you read the scroll labeled JORRID ESON, it crumbles to dust.
It is a scroll of enchant weapon.
Your +0 dagger glows red for a moment.
Your surroundings suddenly seem different.
Are you sure you want to abandon this character and quit the game? (Confirm

#########.########....
#.########.)..
#.......##....
#######.##....
#.##.... ########
#.###### #[.....# #.#
#......# #.# #..@...#
#.# ####......# #.#
#.........# #.#
#.##....[.# #.#
#.......### #.#
#.......# #.####
#.......# #....#
#.......# ####.#
#.#####.# #.###


There were no monsters in sight!

Vanquished Creatures
  An adder (D:2)
  A worm (D:2)
  3 dart slugs (D:2)
  A leopard gecko (D:2)
  5 bats (D:1)
  7 giant cockroaches
  A goblin (D:2)
  9 hobgoblins
  A quokka (D:2)
  A ball python (D:1)
  3 frilled lizards
  2 kobolds (D:2)
  3 rats
38 creatures vanquished.

Notes
Turn   | Place    | Note
-------+----------+-------------------------------------------
     0 | D:1      | ultracola the Vampire Ice Elementalist began the quest for
                  | the Orb.
     0 | D:1      | Reached XP level 1. HP: 13/13 MP: 3/3
   227 | D:1      | Reached XP level 2. HP: 19/19 MP: 1/5
   614 | D:1      | Reached skill level 4 in Stealth
  1234 | D:2      | Reached XP level 3. HP: 24/24 MP: 3/6
  1880 | D:2      | Learned a level 2 spell: Throw Frost
  2044 | D:2      | Reached skill level 5 in Stealth
  2166 | D:2      | Quit the game

Vault maps used:
D:1:      dpeg_arrival_houses_and_road, item_on_display_a
D:2:      kennysheep_generic_room_11

Skill      XL: |  1  2  3 |
---------------+----------+-----
Stealth        | 4 5 |  5.0
Ice Magic      | 4 |  4.0
Dodging        | |  2.1
Spellcasting   | |  2.0
Conjurations   | |  0.6

Action                   || total
-------------------------++-------
Melee: Unarmed           ||     6
       Dagger            ||    21
       Whip              ||     1
       Bite              ||     4
 Cast: Freeze            ||    56
  Use: Scroll            ||     4
       Potion            ||     1
 Stab: Sleeping          ||     4
Armor: Robe              ||     8
       Leather armour    ||     9
Dodge: Dodged            ||    47

Table legend:
 A = Non-vault XP
 B = Vault XP
 C = Vault XP percentage of total XP
 D = Non-vault monster count
 E = Vault monster count
 F = Vault count percentage of total count
                 A         B        C        D         E       F
            +---------+---------+-------+---------+---------+-------
      Total |      83 |       2 |   2.4 |      37 |       1 |   2.6
            +---------+---------+-------+---------+---------+-------
        D:1 |      25 |       0 |   0.0 |      16 |       0 |   0.0
        D:2 |      58 |       2 |   3.3 |      21 |       1 |   4.5
            +---------+---------+-------+---------+---------+-------
